 Dungeon Crawl Stone Soup version 0.25.0-1-g7eea58d (webtiles) character file.

Game seed: 9567126911714817586

3307 Ayyar the Agent of Entropy (level 9, -2/71 HPs)
             Began as a Demonspawn Abyssal Knight on June 23, 2020.
             Was a Priest of Lugonu.
             Slain by an unseen horror (4 damage)
             ... on level 7 of the Dungeon.
             The game lasted 00:48:12 (10005 turns).

Ayyar the Agent of Entropy (DsAK)                  Turns: 10005, Time: 00:48:13

Health: -2/71      AC:  8    Str: 15    XL:     9   Next: 70%
Magic:  14/14      EV: 15    Int: 17    God:    Lugonu [***...]
Gold:   126        SH:  5    Dex: 13    Spells: 8/8 levels left

rFire    + . .     SeeInvis .   l - +2 whip (flame)
rCold    . . .     Gourm    .   (no shield)
rNeg     + . .     Faith    .   n - +0 scale mail {rN+}
rPois    .         Spirit   .   D - +0 hat {Int+3}
rElec    .         Reflect  +   (no cloak)
rCorr    .         Harm     .   (no gloves)
MR       .....                  (no boots)
Stlth    +.........             k - amulet of reflection
HPRegen  0.21/turn              b - ring of stealth
MPRegen  0.14/turn              d - +4 ring of evasion

@: brilliant, flying, drained
A: antennae 1, rugged brown scales 1, fire resistance 1, powered by pain 1,
flame cloud immunity
a: Depart the Abyss, Bend Space, Banish, Renounce Religion


You were on level 7 of the Dungeon.
You worshipped Lugonu.
Lugonu was most pleased with you.
You were not hungry.

You visited 2 branches of the dungeon, and saw 8 of its levels.
You visited the Abyss 1 time.

You collected 342 gold pieces.
You spent 216 gold pieces at shops.

Inventory:

Hand Weapons
 a - a +1 flail of venom
 l - a +2 whip of flaming (weapon)
 E - a +4 mace
Missiles
 s - 9 boomerangs (quivered)
Armour
 n - a +0 scale mail of positive energy (worn)
 v - a +0 plate armour
 D - a +0 hat of intelligence (worn)
Jewellery
 b - a ring of stealth (left hand)
 d - a +4 ring of evasion (right hand)
 k - an amulet of reflection (around neck)
 u - an uncursed ring of flight
 y - the amulet of the People {RegenMP rN+}
   (You found it on level 4 of the Dungeon)

   [amulet of magic regeneration]

   It increases your magic regeneration.
   It protects you from negative energy.
Wands
 o - a wand of iceblast (19)
Scrolls
 e - 3 scrolls of teleportation {unknown}
 f - 2 scrolls of noise {unknown}
 g - 2 scrolls of blinking {unknown}
 h - 3 scrolls of fear {unknown}
 i - 2 scrolls of fog {unknown}
 j - 7 scrolls of remove curse
 m - 5 scrolls of amnesia {unknown}
 q - 2 scrolls of magic mapping {unknown}
 t - 3 scrolls of enchant weapon {unknown}
 w - 3 scrolls of identify
 H - a scroll of acquirement {unknown}
Potions
 p - a potion of ambrosia {unknown}
 x - a potion of haste {unknown}
 z - a potion of magic {unknown}
 A - 2 potions of resistance
 B - a potion of cancellation
Comestibles
 c - 7 rations


   Skills:
 + Level 6.2(5.5) Fighting
 + Level 5.3(4.5) Maces & Flails
 + Level 4.8(4.1) Throwing
 + Level 5.4(4.6) Armour
 + Level 5.2(4.4) Dodging
 + Level 7.8(7.0) Invocations
 + Level 0.9(0.3) Evocations


You had 8 spell levels left.
You didn't know any spells.
Your spell library contained the following spells:

 Spells                   Type           Power        Failure   Level  Hunger
 Corona                   Hex            #......      63%         1    None
 Ensorcelled Hibernation  Hex/Ice        #.....       77%         2    None
 Confusing Touch          Hex            #.......     94%         3    None
 Dazzling Flash           Conj/Hex       #.....       94%         3    None
 Tukima's Dance           Hex            #.......     94%         3    None


Dungeon Overview and Level Annotations

Branches:
Dungeon (7/15)             Temple (1/1) D:4

Altars:
Cheibriados
Elyvilon
Gozag
Hepliaklqana
Makhleb
Okawaru
Qazlal
Trog
The Shining One

Shops:
D:5 [:*!   D:7 [

Annotations:
Abyss:1 Dowan


Innate Abilities, Weirdness & Mutations

You have a pair of small antennae on your head.
You are partially covered in rugged brown scales. (AC +1, +3% HP)
Your flesh is heat resistant. (rF+)
You sometimes gain a little power by taking damage.
You are immune to clouds of flame.


Message History

Something hits you!
* * * LOW HITPOINT WARNING * * *
Something hits you.
* * * LOW HITPOINT WARNING * * *
You feel better. Something hits you but does no damage.
You are too injured to fight recklessly!
You hit something. You burn something. Something barely misses you.
You hit something but do no damage. Something hits you.
* * * LOW HITPOINT WARNING * * *
Your scale mail prevents you from hitting something.
Something hits you but does no damage.
You closely miss something.
Something hits you but does no damage. x2
You closely miss something. Something hits you.
* * * LOW HITPOINT WARNING * * *
You block something's attack.
You hit something. You burn something. Something hits you but does no damage.
You closely miss something. Something hits you.
* * * LOW HITPOINT WARNING * * *
Something hits you.
You die...

.#.# #.#{≈......#≈##.# ##.
>#.# #.#;?.≈....#≈##.# #.
.#.# #≈#;;$PP..'#.#..# #.
.#.####≈##≈=≈P. #..#### #.
.#..##≈##########≈## #.
.####≈##≈%.P. #≈≈##########
#. .# #.#{;≈P≈.
#≈##........# #. .#
#.#{)?P.. #≈#.[.....#.# #.
.# #.#≈≈≈.P. #@##.####.#.#
#. .####'##≈.%.. #.{##.#
#.#.#####. .......######
#.###.# #.........
.##.....#.##
#####.######.######
.###..##...#####.##........#
............[....###########
.#######...####### .# ##.##
.# #.#


There were no monsters in sight!

Vanquished Creatures
  Pikel (D:4)
  Menkaure (D:6)
  Duvessa (D:6)
  3 sky beasts (D:5)
  A phantom (D:6)
  2 ogres
  5 centaurs
  Blork the orc (D:6)
  5 bullfrogs
  2 scorpions (D:5)
  The ghost of brinewave the Skirmisher, a weakling MiMo of Okawaru (D:4)
  5 wights
  A howler monkey (D:5)
  2 bullfrog zombies
  A centaur zombie (D:4)
  3 hounds
  A jelly (D:7)
  7 orc wizards
  2 centaur skeletons
  An iguana (D:4)
  Ijyb (D:3)
  Natasha (D:3)
  Terence (D:3)
  3 worker ants
  A hound zombie (D:4)
  2 hound skeletons (D:6)
  A worker ant zombie (D:4)
  5 adders
  6 gnolls
  2 adder zombies (D:4)
  A worm (D:2)
  3 dart slugs (D:1)
  5 leopard geckos
  10 orcs
  2 ball pythons
  2 giant cockroaches
  14 goblins
  6 hobgoblins
  8 jackals
  A quokka (D:6)
  A ball python skeleton (D:5)
  A ball python zombie (D:4)
  2 bats (D:1)
  9 frilled lizards
  A giant cockroach zombie (D:5)
  A jackal skeleton (D:4)
  7 kobolds
  2 leopard gecko zombies (D:4)
  A quokka skeleton (D:4)
  5 rats
151 creatures vanquished.

Vanquished Creatures (others)
  An adder zombie (D:4)
1 creature vanquished.

Grand Total: 152 creatures vanquished

Notes
Turn   | Place    | Note
-------+----------+-------------------------------------------
     0 | Abyss:1  | Ayyar the Demonspawn Abyssal Knight began the quest for the
                  | Orb.
     0 | Abyss:1  | Reached XP level 1. HP: 18/18 MP: 2/2
    38 | Abyss:1  | Noticed a large abomination
    78 | D:1      | Escaped the Abyss
   147 | D:1      | Reached skill level 1 in Dodging
   395 | D:1      | Gained mutation: You are partially covered in rugged brown
                  | scales. (AC +1, +3% HP) [demonic ancestry]
   395 | D:1      | Reached XP level 2. HP: 18/24 MP: 3/3
   540 | D:1      | Reached * piety under Lugonu
   916 | D:1      | Reached XP level 3. HP: 28/29 MP: 5/5
   993 | D:1      | Reached skill level 3 in Invocations
  1426 | D:2      | Found a white marble altar of Elyvilon.
  1905 | D:2      | Found a stormy altar of Qazlal.
  2057 | D:2      | Reached skill level 1 in Throwing
  2262 | D:3      | Gained mutation: You sometimes gain a little power by
                  | taking damage. [demonic ancestry]
  2262 | D:3      | Reached XP level 4. HP: 21/36 MP: 6/6
  2460 | D:3      | Noticed Terence
  2485 | D:3      | Killed Terence
  2671 | D:3      | Noticed Natasha
  2692 | D:3      | Killed Natasha
  2956 | D:3      | Noticed Ijyb
  2979 | D:3      | Killed Ijyb
  2979 | D:3      | Gained mutation: You have a pair of small antennae on your
                  | head. [demonic ancestry]
  2979 | D:3      | Reached XP level 5. HP: 23/42 MP: 7/7
  2996 | D:3      | Reached ** piety under Lugonu
  4166 | D:4      | Reached skill level 4 in Invocations
  4478 | D:4      | Gained mutation: Your flesh is heat resistant. (rF+)
                  | [demonic ancestry]
  4478 | D:4      | Reached XP level 6. HP: 45/49 MP: 9/9
  4812 | D:4      | Found a staircase to the Ecumenical Temple.
  5095 | D:4      | Found a runed translucent door.
  5129 | D:4      | Got a vibrating emerald amulet
  5151 | D:4      | Identified the amulet of the People {RegenMP rN+} (You
                  | found it on level 4 of the Dungeon)
  5637 | D:4      | Noticed a slave
  5637 | D:4      | Noticed a slave
  5640 | D:4      | Noticed a slave
  5642 | D:4      | Noticed Pikel
  5649 | D:4      | Noticed a slave
  5694 | D:4      | Killed Pikel
  5694 | D:4      | Reached skill level 5 in Invocations
  5694 | D:4      | Reached XP level 7. HP: 29/56 MP: 10/10
  6098 | D:4      | Noticed brinewave's ghost (weakling MiMo)
  6115 | D:4      | Killed brinewave's ghost
  6145 | Temple   | Entered the Ecumenical Temple
  6169 | D:5      | Entered Level 5 of the Dungeon
  6177 | D:5      | Gained mutation: You are immune to clouds of flame.
                  | [demonic ancestry]
  6177 | D:5      | Reached XP level 8. HP: 62/62 MP: 12/12
  6181 | D:5      | Found Akyke's General Store.
  6190 | D:5      | Found a hazy altar of Hepliaklqana.
  6191 | D:5      | Bought a potion of curing for 36 gold pieces
  6191 | D:5      | Bought a potion of resistance for 120 gold pieces
  6191 | D:5      | Bought a potion of heal wounds for 60 gold pieces
  6289 | D:5      | Found a bloodstained altar of Trog.
  6329 | D:5      | Found an opulent altar of Gozag.
  6330 | D:5      | Found a glowing golden altar of the Shining One.
  6330 | D:5      | Found a burning altar of Makhleb.
  6332 | D:5      | Found a white marble altar of Elyvilon.
  6334 | D:5      | Found a snail-covered altar of Cheibriados.
  6578 | D:5      | Found Quorphib's Book Shoppe.
  6629 | D:5      | Reached skill level 5 in Fighting
  6757 | D:5      | Found Wat Sucw's Distillery.
  6798 | D:5      | Reached skill level 6 in Invocations
  6955 | D:5      | Found Hirotit's Armour Shop.
  7303 | D:6      | Noticed Dowan
  7303 | D:6      | Noticed Duvessa
  7508 | D:5      | Reached XP level 9. HP: 53/70 MP: 14/14
  7640 | D:6      | Killed Duvessa
  7640 | D:6      | Reached *** piety under Lugonu
  7643 | D:6      | Banished Dowan
  7656 | D:6      | Reached skill level 7 in Invocations
  7670 | D:6      | Noticed Blork the orc
  7688 | D:6      | Killed Blork the orc
  7731 | D:6      | Reached skill level 5 in Armour
  8192 | D:6      | Reached skill level 5 in Maces & Flails
  8197 | D:6      | Found an iron altar of Okawaru.
  8230 | D:6      | Noticed Menkaure
  8407 | D:6      | Killed Menkaure
  8451 | D:6      | Reached skill level 5 in Dodging
  9800 | D:7      | Found Zefely's Antique Armour Boutique.
 10005 | D:7      | HP: 2/71 [something (3)]
 10005 | D:7      | Slain by an unseen horror

Illustrated notes

Levels and vault maps discovered:
D:1:      ncdulo_watergridlock, layout_loops_ring
D:2:      layout_basic, lemuel_crystal_altar, elyvilon_altar_5
D:3:      kennysheep_the_goblin_king, layout_basic, uniq_natasha, uniq_terence,
          uniq_ijyb
D:4:      layout_basic, minmay_temple_entry_sparse_star, serial_undead,
          serial_undead_a, serial_undead_f, serial_undead_f, serial_undead_d,
          ebering_ghost_reflecting_pool, uniq_pikel
D:5:      layout_loops_ring, nicolae_overflow_crystal_walls, minitemple,
          first_ration, serial_shops, shop, nicolae_shop_stone,
          nicolae_shop_crystal, shop, hangedman_decor_clover_reticule
D:6:      layout_gridville, kennysheep_okawaru_gauntlet, uniq_menkaure,
          uniq_duvessa, uniq_blork_the_orc
D:7:      cheibrodos_two_vegetables, layout_loops_ring, serial_shops, shop,
          grunt_decor_fettered
Temple:   minmay_temple_forest_path

Skill      XL: |  1  2  3  4  5  6  7  8  9 |
---------------+----------------------------+-----
Dodging        | 1 2 3 4 5 |  5.2
Maces & Flails | 2 3 4 5 |  5.3
Armour         | 2 3 4 5 |  5.4
Invocations    | 3 4 5 6 7 |  7.8
Throwing       | 1 2 3 4 |  4.8
Fighting       | 4 5 6 |  6.2
Evocations     | |  0.9

Action                   |  1- 3 |  4- 6 |  7- 9 || total
-------------------------+-------+-------+-------++-------
Melee: Mace              |   152 |   294 |       ||   446
       Whip              |       |       |   534 ||   534
Throw: Boomerang         |       |     2 |     6 ||     8
Invok: Depart the Abyss  |     1 |       |       ||     1
       Bend Space        |       |       |     2 ||     2
       Banish            |       |       |     1 ||     1
  Use: Potion            |       |     7 |     9 ||    16
       Scroll            |       |     5 |     1 ||     6
 Stab: Sleeping          |     1 |       |       ||     1
  Eat: Chunk             |     4 |     8 |     8 ||    20
       Ration            |       |     1 |     2 ||     3
Armor: Leather armour    |    13 |       |       ||    13
       Scale mail        |    58 |   201 |   128 ||   387
Dodge: Dodged            |    83 |   225 |   260 ||   568
Block: Other             |       |    42 |   105 ||   147
       Reflection        |       |       |     2 ||     2
